 Dungeon Crawl Stone Soup version 0.25-b1-39-g0d900dab71 (webtiles) character file.

Game seed: 14879183882383038890

10771 loralnil the Basher (level 11, -2/68 HPs)
             Began as a Gargoyle Fighter on June 7, 2020.
             Was an Elder of the Shining One.
             Slain by Harold
             ... wielding a +0 glaive
              (5 damage)
             ... on level 10 of the Dungeon.
             The game lasted 00:20:25 (10300 turns).

loralnil the Basher (Gargoyle Fighter)             Turns: 10300, Time: 00:20:25

Health: -2/68      AC: 26    Str: 23    XL:     11   Next: 67%
Magic:  0/11       EV: 10    Int:  9    God:    the Shining One [****..]
Gold:   605        SH: 12    Dex:  9    Spells: 10/10 levels left

rFire    . . .     SeeInvis .   o - +2 flail (venom)
rCold    + . .     Gourm    .   c - +0 kite shield
rNeg     + + +     Faith    .   G - +2 scale mail {rC+}
rPois    ∞         Spirit   +   j - +0 helmet
rElec    +         Reflect  .   n - +2 cloak {MR+}
rCorr    .         Harm     .   (no gloves)
MR       ++...                  (no boots)
Stlth    ..........             u - amulet of guardian spirit
HPRegen  0.21/turn              y - ring of protection from magic
MPRegen  0.12/turn              F - +4 ring of protection

@: mighty, glowing
A: negative energy resistance 1, electricity resistance, unbreathing,
petrification resistance, rot immunity, AC +8
a: Divine Shield, Cleansing Flame, Renounce Religion


You were on level 10 of the Dungeon.
You worshipped the Shining One.
The Shining One was greatly pleased with you.
You were hungry.

You visited 2 branches of the dungeon, and saw 12 of its levels.

You collected 605 gold pieces.

Inventory:

Hand Weapons
 o - a +2 flail of venom (weapon)
 q - a +2 vorpal mace
Armour
 c - a +0 kite shield (worn)
 j - a +0 helmet (worn)
 n - a +2 cloak of magic resistance (worn)
 B - a +0 chain mail of fire resistance
 G - a +2 scale mail of cold resistance (worn)
Jewellery
 u - an amulet of guardian spirit (around neck)
 y - a ring of protection from magic (left hand)
 F - a +4 ring of protection (right hand)
Wands
 a - a wand of polymorph (11)
 m - a wand of flame (51)
 E - a wand of acid (6)
 H - a wand of disintegration (20)
 M - a wand of iceblast (7)
Scrolls
 b - 2 scrolls of summoning
 h - 2 scrolls of fear
 p - 3 scrolls of enchant armour {unknown}
 r - 4 scrolls of magic mapping {unknown}
 t - 6 scrolls of teleportation {unknown}
 v - 2 scrolls of random uselessness {unknown}
 w - a scroll of remove curse
 x - a scroll of noise {unknown}
 A - 2 scrolls of enchant weapon
 D - 3 scrolls of amnesia {unknown}
 J - a scroll of acquirement {unknown}
 L - 4 scrolls of vulnerability {unknown}
Potions
 d - a potion of might
 e - 2 potions of magic
 g - a potion of ambrosia
 i - 4 potions of curing
 l - a potion of lignification
 s - a potion of haste
 z - a potion of berserk rage {unknown}
 C - 2 potions of stabbing {unknown}
 I - a potion of flight {unknown}
Comestibles
 f - 25 rations
 K - 8 chunks of flesh


   Skills:
 - Level 8.0 Fighting
 + Level 12.0 Maces & Flails
 + Level 8.2 Armour
 + Level 3.6 Dodging
 + Level 1.2 Stealth
 + Level 9.8 Shields


You had 10 spell levels left.
You didn't know any spells.
Your spell library contained the following spells:

 Spells                   Type           Power        Failure   Level  Hunger
 Magic Dart               Conj           #...         87%         1    ##.....
 Summon Small Mammal      Summ           #...         87%         1    ##.....
 Call Imp                 Summ           #.......     95%         2    ###....
 Poisonous Vapours        Pois/Air       #.....       95%         2    ###....
 Searing Ray              Conj           #.....       95%         2    ###....
 Call Canine Familiar     Summ           #.......     99%         3    ####...
 Conjure Flame            Conj/Fire      #.......     99%         3    ####...
 Dazzling Flash           Conj/Hex       #.....       99%         3    ####...
 Mephitic Cloud           Conj/Pois/Air  #.......     99%         3    ####...
 Summon Guardian Golem    Hex/Summ       #.......     99%         3    ####...
 Fulminant Prism          Conj/Hex       #.........   100%        4    #####..
 Iskenderun's Mystic Bla  Conj/Tloc      #.......     100%        4    #####..
 Summon Ice Beast         Ice/Summ       #.......     100%        4    #####..
 Summon Lightning Spire   Summ/Air       #.......     100%        4    #####..
 Bolt of Magma            Conj/Fire/Erth #.........   100%        5    ######.
 Iskenderun's Battlesphe  Conj/Chrm      #.......     100%        5    ######.
 Freezing Cloud           Conj/Ice/Air   #.........   100%        6    #######
 Iron Shot                Conj/Erth      #.........   100%        6    #######
 Orb of Destruction       Conj           #.........   100%        7    #######
 Ring of Flames           Chrm/Fire      #.........   100%        7    #######
 Spellforged Servitor     Conj/Summ      #.........   100%        7    #######


Dungeon Overview and Level Annotations

Branches:
Dungeon (11/15)            Temple (1/1) D:5            Lair (0/6) D:10
    Orc: D:9-12

Altars:
Ashenzari
Cheibriados
Dithmenos
Elyvilon
Fedhas
Gozag
Hepliaklqana
Kikubaaqudgha
Makhleb
Nemelex Xobeh
Okawaru
Qazlal
Ru
Sif Muna
Trog
Uskayaw
Vehumet
Wu Jian
Xom
Yredelemnul
Zin
The Shining One

Annotations:
D:10 Harold, Snorg


Innate Abilities, Weirdness & Mutations

You are resistant to torment.
Your stone body is resilient. (AC +8)
You are immune to poison.
You resist negative energy. (rN+)
You are resistant to electric shocks. (rElec)
You can survive without breathing.
You are immune to petrification.
You are immune to rotting.


Message History

Snorg bites you.
* * * LOW HITPOINT WARNING * * *
You block Snorg's attack. Snorg claws you!
* * * LOW HITPOINT WARNING * * *
You feel much better. Snorg bites you! Snorg claws you. x2
Harold hits you from afar with a +0 glaive.
Snorg closely misses you. You block Snorg's attack. Snorg claws you.
You feel very mighty all of a sudden. Snorg bites you but does no damage.
Snorg claws you but does no damage. x2
Harold hits you but does no damage.
You bludgeon Snorg!!
Snorg looks as sick as possible!
Snorg is severely wounded.
You block Snorg's attack. Snorg closely misses you. Snorg claws you!
* * * LOW HITPOINT WARNING * * *
Snorg barely misses you. You block Snorg's attack. Snorg claws you!
* * * LOW HITPOINT WARNING * * *
Your shield prevents you from hitting Snorg.
Snorg is severely wounded.
Harold hits you from afar with a +0 glaive.
You die...

#.........### #...# #
###'####### ###.# #.# #.# #.##
#.# #..## #.# ##..# ####.###
######.###### #......#
#.....).....######o.....###
#..............@T@S.......###
#...........######o.....#...####
#...........# #......###.)..#
#...........# ######## ####..
#...........# ### #############


You could see Snorg (berserk, extremely poisoned), Harold (poisoned), a water
moccasin and 2 orcs.

Vanquished Creatures
  3 two-headed ogres
  An unseen horror (D:10)
  A necromancer (D:10)
  A guardian serpent (D:9)
  Psyche (D:8)
  A troll (D:8)
  Grinder (D:4)
  2 hippogriffs
  Sigmund (D:6)
  6 yaks
  3 hogs (D:7)
  A human (D:7)
  A steam dragon (D:10)
  2 wargs (D:10)
  4 orc warriors
  A sky beast (D:6)
  An ice beast (D:5)
  2 necrophages
  5 ogres
  3 centaurs
  An eye of draining (D:9)
  9 bullfrogs
  A water moccasin zombie (D:5)
  2 scorpions
  2 water moccasin skeletons
  7 wights
  6 killer bees (D:9)
  A howler monkey (D:5)
  A crimson imp (D:8)
  A quasit (D:8)
  A hound (D:4)
  2 bullfrog skeletons
  2 centaur skeletons
  Crazy Yiuf (D:2)
  9 orc priests
  4 jellies
  10 orc wizards
  4 iguanas
  6 worker ants
  Ijyb (D:4)
  2 polar bear simulacra (D:10)
  4 yak simulacra (D:10)
  A killer bee zombie (D:10)
  3 wolf simulacra (D:10)
  A howler monkey zombie (D:5)
  4 gnolls (D:9)
  10 adders
  3 shadow imps
  An ooze (D:1)
  2 adder skeletons
  A dart slug (D:1)
  3 worms
  2 leopard geckos
  44 orcs
  3 giant cockroaches
  4 goblins
  9 hobgoblins
  12 jackals
  8 kobolds
  2 quokkas
  A ball python (D:4)
  5 bats
  5 frilled lizards
  A jackal zombie (D:5)
  3 leopard gecko skeletons
  A quokka skeleton (D:7)
  14 rats
  2 river rat simulacra (D:10)
263 creatures vanquished.

Notes
Turn   | Place    | Note
-------+----------+-------------------------------------------
     0 | D:1      | loralnil the Gargoyle Fighter began the quest for the Orb.
     0 | D:1      | Reached XP level 1. HP: 14/14 MP: 1/1
   151 | D:1      | Reached XP level 2. HP: 18/19 MP: 2/2
   305 | D:1      | Reached XP level 3. HP: 24/24 MP: 3/3
   745 | D:2      | Reached XP level 4. HP: 29/29 MP: 4/4
  1152 | D:2      | Reached skill level 3 in Maces & Flails
  1334 | D:2      | Found an opulent altar of Gozag.
  1334 | D:2      | Found a shadowy altar of Dithmenos.
  1682 | D:2      | Found a runed translucent door.
  1683 | D:2      | Noticed Crazy Yiuf
  1690 | D:2      | Killed Crazy Yiuf
  1690 | D:2      | Reached XP level 5. HP: 29/33 MP: 5/5
  2364 | D:3      | Found a bloodstained altar of Trog.
  2677 | D:4      | Reached XP level 6. HP: 38/38 MP: 6/6
  2804 | D:4      | Noticed Grinder
  2844 | D:4      | Killed Grinder
  2844 | D:4      | Reached skill level 4 in Maces & Flails
  2844 | D:4      | Reached skill level 5 in Shields
  2844 | D:4      | Reached XP level 7. HP: 25/44 MP: 7/7
  2851 | D:4      | Reached skill level 1 in Dodging
  3208 | D:4      | Noticed Ijyb
  3231 | D:4      | Killed Ijyb
  3501 | D:5      | Entered Level 5 of the Dungeon
  3906 | D:5      | Reached skill level 5 in Maces & Flails
  3990 | D:5      | Found a snail-covered altar of Cheibriados.
  3996 | D:5      | Reached skill level 5 in Fighting
  4118 | D:5      | Reached skill level 1 in Stealth
  4118 | D:5      | Reached XP level 8. HP: 7/49 MP: 1/8
  4561 | D:5      | Found a staircase to the Ecumenical Temple.
  4569 | Temple   | Entered the Ecumenical Temple
  4574 | Temple   | Became a worshipper of the Shining One
  4719 | D:5      | Reached skill level 5 in Armour
  4924 | D:6      | Noticed Sigmund
  4931 | D:5      | Reached skill level 6 in Maces & Flails
  5168 | D:6      | Killed Sigmund
  5502 | D:6      | Reached skill level 7 in Maces & Flails
  5553 | D:6      | Reached XP level 9. HP: 54/55 MP: 9/9
  5594 | D:6      | Found a sacrificial altar of Ru.
  5955 | D:7      | Found a stormy altar of Qazlal.
  6117 | D:7      | Reached * piety under the Shining One
  6533 | D:7      | Reached skill level 8 in Maces & Flails
  6752 | D:7      | Found a blossoming altar of Fedhas.
  7130 | D:7      | Reached XP level 10. HP: 61/61 MP: 10/10
  7524 | D:8      | Found an ancient bone altar of Kikubaaqudgha.
  7532 | D:8      | Reached skill level 9 in Maces & Flails
  7537 | D:8      | Found an iron altar of Okawaru.
  7538 | D:8      | Noticed Psyche
  7549 | D:8      | Killed Psyche
  7584 | D:8      | Noticed a two-headed ogre
  7590 | D:8      | Killed a two-headed ogre
  7695 | D:8      | Reached ** piety under the Shining One
  7712 | D:8      | Got a blackened scimitar
  7713 | D:8      | Identified the cursed +1 scimitar of Analysis {venom,
                  | +Blink MR++} (You found it on level 8 of the Dungeon)
  7944 | D:8      | Found a shattered altar of Ashenzari.
  8131 | D:9      | Noticed a two-headed ogre
  8143 | D:9      | Killed a two-headed ogre
  8143 | D:9      | Reached skill level 10 in Maces & Flails
  8614 | D:9      | Noticed a guardian serpent
  8630 | D:9      | Killed a guardian serpent
  8630 | D:9      | Reached XP level 11. HP: 46/68 MP: 7/11
  8787 | D:9      | Reached skill level 11 in Maces & Flails
  8989 | D:9      | Found a hide-covered altar of Uskayaw.
  9214 | D:10     | Entered Level 10 of the Dungeon
  9324 | D:10     | Found a staircase to the Lair.
  9401 | D:10     | Reached *** piety under the Shining One
  9523 | D:10     | Noticed an unseen horror
  9535 | D:10     | Killed an unseen horror
  9693 | D:10     | Noticed a necromancer
  9700 | D:10     | Killed a necromancer
  9717 | D:10     | Reached **** piety under the Shining One
 10074 | D:11     | Noticed a two-headed ogre
 10075 | D:11     | Noticed Harold
 10102 | D:10     | Killed a two-headed ogre
 10102 | D:10     | Reached skill level 12 in Maces & Flails
 10275 | D:11     | Noticed Snorg
 10299 | D:10     | HP: 3/68 [Snorg (15)]
 10300 | D:10     | Slain by Harold

Illustrated notes

Levels and vault maps discovered:
D:1:      onia_arrival_mini_maze_b, layout_rooms, kennysheep_decorative_pillar
D:2:      layout_basic, gammafunk_temple_overflow_elements,
          minmay_quadrilaterals, uniq_crazy_yiuf_cottage
D:3:      layout_rooms, bloody_trog, first_ration, minivault_11
D:4:      layout_basic, minmay_quantized, uniq_ijyb, uniq_grinder
D:5:      layout_rooms, nicolae_overflow_crystal_walls,
          minmay_temple_entry_arrows, nicolae_ossuary_entry_plus
D:6:      layout_cave_pools, nicolae_ru_path_of_blood, uniq_sigmund
D:7:      minmay_chambers_of_fours, layout_loops_ring, fedhas_altar_4,
          grunt_qazlal_sundering, serial_co_window_serial,
          co_window_of_opportunity_a, co_window_paths_a,
          co_window_of_opportunity_a, co_window_corner_a, co_window_cross_1,
          co_window_of_opportunity_c, co_window_paths_c, co_window_paths_c,
          co_window_cross_3, co_window_4corner_b, co_window_4corner_a,
          glass_columns_b, glass_columns_a, grunt_livestock
D:8:      layout_rooms, kennysheep_mini_moat, okawaru_trees_2,
          marbit_many_paths, uniq_psyche
D:9:      layout_roguey, kennysheep_little_box, nrook_guardian_serpent_ordinary
D:10:     layout_roguey, erik_lair_orcish_takeover, eino_house_with_fridge
D:11:     layout_basic, basic_altar, gammafunk_ghost_necromancy,
          cheibriados_altar_1, uniq_snorg, uniq_harold
Temple:   minmay_freezing_vapour_temple

Skill      XL: |  1  2  3  4  5  6  7  8  9 10 11 |
---------------+----------------------------------+-----
Armour         | 4 5 6 7 8 |  8.2
Maces & Flails | 3 4 5 7 8 10 12 | 12.0
Fighting       | 4 5 6 7 8 |  8.0
Shields        | 4 5 6 8 9 |  9.8
Dodging        | 1 2 3 |  3.6
Stealth        | 1 |  1.2

Action                   |  1- 3 |  4- 6 |  7- 9 | 10-12 || total
-------------------------+-------+-------+-------+-------++-------
Melee: Flail             |   114 |   200 |   324 |   342 ||   980
       Mace              |       |    57 |    17 |    17 ||    91
  Use: Scroll            |     2 |     5 |     4 |     2 ||    13
       Potion            |       |       |       |     3 ||     3
  Eat: Chunk             |       |     6 |    15 |    10 ||    31
Armor: Scale mail        |    65 |    60 |       |   172 ||   297
       Chain mail        |       |   149 |   143 |       ||   292
       Ring mail         |       |       |    77 |       ||    77
Dodge: Dodged            |    37 |    81 |   113 |   119 ||   350
Block: Kite shield       |    69 |   170 |   196 |   207 ||   642
